 Dungeon Crawl Stone Soup version 0.31-a0-981-geadf994542 (webtiles) character file.

Game seed: 14690707142728379919

973 Dordric the Cleaver (level 8, 0/62 HPs)
             Began as a Hill Orc Reaver on Oct 31, 2023.
             Was an Initiate of Sif Muna.
             Slain by a centaur (3 damage)
             ... on level 5 of the Dungeon.
             The game lasted 00:06:10 (4388 turns).

Dordric the Cleaver (Hill Orc Reaver)               Turns: 4388, Time: 00:06:11

Health: 0/62       AC: 11    Str: 17    XL:     8   Next: 16%
Magic:  10/10      EV: 10    Int: 13    God:    Sif Muna [......]
Gold:   160        SH:  0    Dex:  9    Spells: 9/10 levels left

rFire   + . .        a - +0 hand axe
rCold   . . .        (no shield)
rNeg    . . .        w - +1 ring mail of Etahoe {Fly rF+ Slay+3}
rPois   .            (no helmet)
rElec   .            l - +0 cloak
rCorr   .            (no gloves)
SInv    .            j - +1 pair of boots
Will    .....        (no amulet) Stlth
                     (no ring)
HPRegen 0.30/turn    (no ring)
MPRegen 0.12/turn

%: no passive effects
@: flying
A: fangs 1, iridescent scales 1
a: Renounce Religion


You were on level 5 of the Dungeon.
You worshipped Sif Muna.
Sif Muna was noncommittal.
You visited 2 branches of the dungeon, and saw 6 of its levels.

You collected 160 gold pieces.

Inventory:

Hand Weapons
 a - a +0 hand axe (weapon)
Armour
 b - a +0 leather armour
 j - a +1 pair of boots (worn)
 l - a +0 cloak (worn)
 o - a +0 plate armour
 w - the +1 ring mail of Etahoe (worn) {Fly rF+ Slay+3}
   (You found it on level 5 of the Dungeon)

   Slay+3:    It affects your accuracy & damage with ranged weapons and melee
   (+3).
   rF+:       It protects you from fire.
   Fly:       It grants you flight.
Wands
 u - a wand of mindburst (10)
Scrolls
 c - a scroll of poison
 e - a scroll of fear {unknown}
 f - 2 scrolls of revelation {unknown}
 g - a scroll of enchant weapon
 m - a scroll of vulnerability {unknown}
 n - 4 scrolls of identify
 r - a scroll of brand weapon {unknown}
 s - 3 scrolls of blinking {unknown}
Potions
 d - 2 potions of mutation
 h - a potion of curing
 i - a potion of might {unknown}
 k - a potion of berserk rage {unknown}
 p - a potion of attraction {unknown}
 q - a potion of brilliance {unknown}
 t - a potion of enlightenment {unknown}
 v - a potion of haste {unknown}


   Skills:
 - Level 2.4 Fighting
 + Level 9.4 Axes
 - Level 1.5 Dodging
 - Level 1.5 Spellcasting
 + Level 7.1 Conjurations


You had 9 spell levels left.
You knew the following spells:

 Your Spells              Type           Power      Damage    Failure   Level
a - Kiss of Death         Conj/Necr      40%        2d8       12%         1

Your spell library contained the following spells:

 Spells                   Type           Power      Damage    Failure   Level
 Momentum Strike          Conj/Tloc      20%        3d8       17%         2
 Hailstorm                Conj/Ice       10%        3d5       34%         3
 Stone Arrow              Conj/Erth      20%        3d8       34%         3
 Sandblast                Erth           2%         2d4       45%         1
 Passwall                 Tmut/Erth      0%         N/A       58%         2
 Brom's Barrelling Bould  Conj/Erth      10%        2d3       75%         4
 Animate Armour           Summ/Erth      2%         N/A       99%         4
 Lehudib's Crystal Spear  Conj/Erth      5%         10d3      100%        8


Dungeon Overview and Level Annotations

Branches:
Dungeon (5/15)             Temple (1/1) D:5

Altars:
Ashenzari
Cheibriados
Dithmenos
Elyvilon
Fedhas
Gozag
Hepliaklqana
Kikubaaqudgha
Makhleb
Nemelex Xobeh
Okawaru
Qazlal
Ru
Sif Muna
Trog
Uskayaw
Vehumet
Wu Jian
Xom
Yredelemnul
Zin
The Shining One

Shops:
D:1 [

Annotations:
D:3 Robin


Innate Abilities, Weirdness & Mutations

You have very sharp teeth.
You are partially covered in iridescent scales. (AC +2)


Message History

You barely miss the centaur. Your bite misses the centaur.
The centaur barely misses you.
The centaur kicks you but does no damage.
The hound pauses to sniff the ground.
A jelly comes into view.
You hit the centaur.
The centaur is lightly wounded.
The centaur misses you. The centaur barely misses you.
The centaur hits you but does no damage.
The centaur misses you.
You hit the centaur but do no damage.
The centaur is lightly wounded.
The centaur barely misses you.
The centaur kicks you but does no damage.
You hit the centaur. You bite the centaur.
The centaur is heavily wounded.
The centaur closely misses you. The centaur misses you.
You barely miss the centaur.
The centaur is heavily wounded.
The centaur misses you. The centaur closely misses you.
You hit the centaur. You bite the centaur.
The centaur is heavily wounded.
The centaur hits you but does no damage.
The centaur misses you.
You closely miss the centaur.
The centaur is heavily wounded.
The centaur hits you.
* * * LOW HITPOINT WARNING * * *
The centaur kicks you but does no damage.
The centaur hits you but does no damage.
The centaur kicks you but does no damage.
You hit the centaur but do no damage. You bite the centaur.
The centaur is severely wounded.
The centaur hits you.
* * * LOW HITPOINT WARNING * * *
The centaur kicks you but does no damage.
You hit the centaur.
The centaur is severely wounded.
The centaur closely misses you. The centaur kicks you.
You die...

.. #...# .. ##...S
## #..S.# #. #.(oc#
#...#....####..[
.......h........ ###
#######.######## #.#
#.#####J# #######.#
#....@ch#
........####.#######
######.......#
##.###### #######.#
........# #########


You could see a centaur, a hound and a jelly.

Vanquished Creatures
  2 water moccasins (D:5)
  A black bear (D:5)
  An ogre (D:4)
  A phantom (D:5)
  2 scorpions (D:4)
  2 howler monkeys
  A jelly (D:5)
  Crazy Yiuf (D:3)
  An iguana (D:4)
  Jessica (D:3)
  5 gnolls
  8 adders
  A dart slug (D:3)
  4 orcs
  5 ball pythons
  5 endoplasms
  4 giant cockroaches
  19 goblins
  7 hobgoblins
  3 quokkas
  6 bats
  2 frilled lizards
  3 kobolds
  8 rats
93 creatures vanquished.

Notes
Turn   | Place    | Note
-------+----------+-------------------------------------------
     0 | D:1      | Dordric the Hill Orc Reaver began the quest for the Orb.
     0 | D:1      | Reached XP level 1. HP: 18/18 MP: 3/3
   179 | D:1      | Reached XP level 2. HP: 16/25 MP: 4/4
   256 | D:1      | You fall into a shaft and drop 1 floor!
   374 | D:1      | Found Elutij's Antique Armour Emporium.
   643 | D:1      | Reached XP level 3. HP: 4/28 MP: 3/5
   984 | D:1      | Reached skill level 5 in Axes
  1471 | D:2      | Found a snail-covered altar of Cheibriados.
  1509 | D:2      | Reached XP level 4. HP: 36/37 MP: 6/6
  2115 | D:3      | Noticed Jessica
  2122 | D:3      | Killed Jessica
  2244 | D:3      | Reached XP level 5. HP: 25/42 MP: 7/7
  2379 | D:3      | Reached skill level 6 in Axes
  2615 | D:3      | Found a runed translucent door.
  2616 | D:3      | Noticed Crazy Yiuf
  2690 | D:3      | Noticed Robin
  3041 | D:3      | Killed Crazy Yiuf
  3163 | D:4      | Reached skill level 5 in Conjurations
  3163 | D:4      | Reached XP level 6. HP: 22/50 MP: 8/8
  3366 | D:4      | Reached skill level 7 in Axes
  3501 | D:4      | Reached XP level 7. HP: 13/56 MP: 9/9
  3791 | D:4      | Reached skill level 8 in Axes
  4014 | D:5      | Entered Level 5 of the Dungeon
  4041 | D:5      | Found a staircase to the Ecumenical Temple.
  4050 | D:5      | Identified the +1 ring mail of Etahoe {Fly rF+ Slay+3}
  4070 | Temple   | Entered the Ecumenical Temple
  4144 | Temple   | Became a worshipper of Sif Muna the Loreminder
  4372 | D:5      | Reached skill level 9 in Axes
  4372 | D:5      | Reached XP level 8. HP: 21/62 MP: 10/10
  4377 | D:5      | HP: 3/62 [centaur/arrow (5)]
  4378 | D:5      | Gained mutation: You have very sharp teeth. [potion of
                  | mutation]
  4378 | D:5      | Gained mutation: You are partially covered in iridescent
                  | scales. (AC +2) [potion of mutation]
  4387 | D:5      | HP: 3/62 [centaur (5)]
  4388 | D:5      | Slain by a centaur

Illustrated notes

Levels and vault maps discovered:
D:1:      dpeg_arrival_concentric_ovals, layout_basic, serial_shops, shop
D:2:      layout_basic, basic_altar, chequers_serial_rivers_micro_d,
          minivault_14, nicolae_titane
D:3:      layout_rooms, dk_noncrumbling_4, uniq_jessica,
          uniq_crazy_yiuf_cottage, uniq_robin
D:4:      layout_rooms, fountainhead
D:5:      minmay_recursive_quarters, layout_loops_ring,
          minmay_temple_entry_stoned_glass, goddamned_bats, uniq_menkaure
Temple:   compressed_dpeg_circular_temple

Skill      XL: |  1  2  3  4  5  6  7  8 |
---------------+-------------------------+-----
Axes           | 5 6 7 9 |  9.4
Conjurations   | 4 5 6 7 |  7.1
Fighting       | |  2.4
Dodging        | |  1.5
Spellcasting   | |  1.5

Action                     |  1- 3 |  4- 6 |  7- 9 || total
---------------------------+-------+-------+-------++-------
  Melee: Hand axe          |   124 |   199 |    88 ||   411
         Punch             |     2 |     1 |     1 ||     4
         Bite              |       |       |     3 ||     3
   Cast: Kiss of Death     |     1 |       |       ||     1
    Use: Scroll            |     3 |       |       ||     3
         Potion            |       |       |     2 ||     2
 Armour: Leather armour    |    52 |       |       ||    52
         Ring mail         |    11 |    12 |    37 ||    60
         Plate armour      |       |   172 |    29 ||   201
  Dodge: Dodged            |    92 |    70 |    37 ||   199

Table legend: (Time is in decaauts)
 A = Elapsed time spent in this place.
 B = Non-inter-level travel time spent in this place.
 C = Inter-level travel time spent in this place.
 D = Time resting spent in this place.
 E = Time spent auto-exploring this place.
 F = Levels seen in this place.
 G = Mean time per level.
                   A        B        C        D        E       F      G
               +--------+--------+--------+--------+--------+-----+--------+
         Total |   4394 |   4221 |    173 |    622 |   2665 |   6 |  732.3 |
       Dungeon |   4303 |   4130 |    173 |    622 |   2665 |   5 |  860.6 |
        Temple |     91 |     91 |      0 |      0 |      0 |   1 |   91.0 |
               +--------+--------+--------+--------+--------+-----+--------+

Top non-repeatable levels by time:
     D:1: 1282 daAuts
     D:3: 1042 daAuts
     D:2: 901 daAuts
     D:4: 801 daAuts
     D:5: 274 daAuts
  Temple: 91 daAuts
